 Dungeon Crawl Stone Soup version 0.25-a0-829-g4e6a552 (webtiles) character file.

Game seed: 12931096829775534277, levelgen mode: deterministic

5683 Faca the Fighter (level 10, 0/85 HPs)
             Began as a Demonspawn Gladiator on Apr 21, 2020.
             Was an Elder of Okawaru.
             Slain by an orc warrior
             ... wielding a +4 hand axe of holy wrath
              (5 damage)
             ... on level 9 of the Dungeon.
             The game lasted 00:17:42 (8121 turns).

Faca the Fighter (Demonspawn Gladiator)             Turns: 8121, Time: 00:17:43

Health: 0/85       AC: 12    Str: 18    XL:     10   Next: 47%
Magic:  0/14       EV: 14    Int: 16    God:    Okawaru [****..]
Gold:   317        SH:  0    Dex: 15    Spells: 9/9 levels left

rFire    . . .     SeeInvis .   y - +2 falchion "Menu" {vamp, +Blink rC+ Int+2}
rCold    + . .     Gourm    .   (no shield)
rNeg     . . .     Faith    .   r - +0 troll leather armour {Purgy}
rPois    .         Spirit   +   q - +0 helmet
rElec    .         Reflect  .   e - +2 cloak {MR+}
rCorr    .         Harm     .   (no gloves)
MR       +....                  (no boots)
Stlth    +.........             (no amulet)
HPRegen  0.64/turn              g - +5 ring of intelligence
MPRegen  0.14/turn              (no ring)

@: no status effects
A: hooves 1, thin metallic scales 2, magic shield
a: Heroism, Renounce Religion, Evoke Blink


You were on level 9 of the Dungeon.
You worshipped Okawaru.
Okawaru was greatly pleased with you.
You were not hungry.

You visited 2 branches of the dungeon, and saw 11 of its levels.
You also visited: Ossuary.

You collected 317 gold pieces.

Inventory:

Hand Weapons
 u - a +0 rapier
 y - the +2 falchion "Menu" (weapon) {vamp, +Blink rC+ Int+2}
   (You found it on level 9 of the Dungeon)

   It inflicts no extra harm, but heals its wielder when it wounds a living foe.
   It affects your intelligence (+2).
   It protects you from cold.
   It lets you blink.
 z - a +1 short sword of electrocution
Missiles
 d - 3 throwing nets
 n - 20 poisoned darts (quivered)
 C - 5 javelins
Armour
 e - a +2 cloak of magic resistance (worn)
 q - a +0 helmet (worn)
 r - a +0 troll leather armour (worn) {Purgy}
Jewellery
 g - a +5 ring of intelligence (left hand)
Wands
 i - a wand of polymorph (2)
 B - a wand of acid (9)
Scrolls
 h - 5 scrolls of fog
 l - 4 scrolls of teleportation
 p - 3 scrolls of immolation
 w - 2 scrolls of remove curse
Potions
 b - a potion of heal wounds
 c - 2 potions of haste
 j - 2 potions of invisibility
 k - 5 potions of lignification
 m - a potion of resistance {unknown}
 o - 2 potions of mutation
 s - a potion of flight
 t - a potion of cancellation {unknown}
 v - 5 potions of might
 x - a potion of ambrosia {unknown}
 A - a potion of stabbing {unknown}
Comestibles
 a - 2 chunks of flesh
 f - 20 rations


   Skills:
 + Level 9.9 Fighting
 + Level 9.3 Long Blades
 - Level 1.7 Throwing
 + Level 3.9 Armour
 + Level 5.0 Dodging
 + Level 5.7 Invocations


You had 9 spell levels left.
You didn't know any spells.
Your spell library was empty.

Dungeon Overview and Level Annotations

Branches:
Dungeon (10/15)            Temple (1/1) D:5            Lair (0/6) D:9
    Orc (0/2) D:10        Ossuary (visited)

Altars:
Ashenzari
Cheibriados
Dithmenos
Elyvilon
Fedhas
Gozag
Hepliaklqana
Kikubaaqudgha
Makhleb
Nemelex Xobeh
Okawaru
Qazlal
Ru
Sif Muna
Trog
Uskayaw
Vehumet
Wu Jian
Xom
Yredelemnul
Zin
The Shining One

Annotations:
D:4 1 runed translucent door


Innate Abilities, Weirdness & Mutations

You have large cloven feet.
You are mostly covered in thin metallic scales. (AC +3)
When hurt, damage is shared between your health and your magic reserves.


Message History

* * * LOW HITPOINT WARNING * * *
You barely miss the orc warrior.
The orc warrior is severely wounded.
The orc warrior misses you.
You riposte.
You completely miss the orc warrior.
You kick the orc warrior, but do no damage.
The orc warrior is severely wounded.
You hit the orc warrior but do no damage.
You kick the orc warrior.
The orc warrior is almost dead.
The orc warrior hits you with a +4 hand axe of holy wrath!
* * * LOW HITPOINT WARNING * * *
You convulse!
* * * LOW HITPOINT WARNING * * *
You hit the orc warrior.
You feel better.
The orc warrior is almost dead.
You hit the orc warrior but do no damage.
Your kick misses the orc warrior.
The orc warrior is almost dead.
The orc warrior hits you with a +4 hand axe of holy wrath.
You die...

#..## #.### #### ### ###.#
#...#### ...# #.##### #.#
##.....## #..# #### ##.##.# #.#
#....... ..## ##..####...## #.##
##...... ..# ##.#.......## ##.#
##...... ..# #..###.....##
##.###....... ..###..# ##.....##
#...#........ ..##...###...##.@#
#............
..#...###...####o####............
......##...## #....>............
......#...## ##...........).....
.........## #..###.............
#.......#######..# #............#
####.........#..####..........###
# #............###...#.........[
##............##...###.........


You could see an orc warrior.

Vanquished Creatures
  2 hippogriffs
  Sigmund (D:6)
  5 yaks
  A human (D:9)
  2 hogs (D:9)
  Eustachio (D:4)
  Menkaure (D:5)
  Edmund (D:6)
  Purgy (D:3)
  3 ice beasts
  An orc warrior (D:6)
  A sky beast (D:8)
  An ogre (D:8)
  2 phantoms (D:5)
  2 centaurs
  4 bullfrogs
  7 water moccasin zombies (Ossuary)
  A wyvern skeleton (D:7)
  7 killer bees
  A wight (D:9)
  2 howler monkeys (D:8)
  2 centaur zombies (D:5)
  4 bullfrog zombies
  A crimson imp (D:6)
  A quasit (D:8)
  2 hounds
  2 jellies
  3 orc priests
  2 bullfrog skeletons
  9 orc wizards
  Jessica (D:8)
  2 iguanas
  Natasha (twice) (D:4 D:3)
  A human skeleton (D:4)
  4 worker ants
  A killer bee zombie (D:6)
  2 big kobold zombies (Ossuary)
  A hound zombie (D:7)
  A hound skeleton (D:5)
  2 mummies (Ossuary)
  3 howler monkey zombies
  4 worker ant zombies
  Robin (D:4)
  10 gnolls
  8 adders
  2 shadow imps
  5 adder zombies
  An adder skeleton (D:4)
  A worm (D:4)
  4 dart slugs
  A leopard gecko (D:5)
  33 orcs
  A ball python (D:1)
  7 bats
  11 giant cockroaches
  A gnoll zombie (Ossuary)
  19 goblins
  6 hobgoblins
  11 jackals
  4 quokkas
  A ball python skeleton (D:5)
  8 frilled lizards
  8 hobgoblin zombies (Ossuary)
  3 jackal skeletons (D:5)
  3 kobolds
  5 kobold zombies (Ossuary)
  A leopard gecko skeleton (D:5)
  A leopard gecko zombie (D:9)
  5 orc zombies (Ossuary)
  A quokka zombie (D:6)
  3 rats
262 creatures vanquished.

Notes
Turn   | Place    | Note
-------+----------+-------------------------------------------
     0 | D:1      | Faca the Demonspawn Gladiator began the quest for the Orb.
     0 | D:1      | Reached XP level 1. HP: 16/16 MP: 1/1
   112 | D:1      | Gained mutation: You have large cloven feet. [demonic
                  | ancestry]
   112 | D:1      | Reached XP level 2. HP: 18/23 MP: 2/2
   456 | D:1      | Reached XP level 3. HP: 28/28 MP: 3/3
   926 | D:2      | Gained mutation: You are partially covered in thin metallic
                  | scales. (AC +2) [demonic ancestry]
   926 | D:2      | Reached XP level 4. HP: 34/35 MP: 4/4
  1415 | D:3      | Reached XP level 5. HP: 35/42 MP: 5/5
  2019 | D:4      | Noticed an ice beast
  2070 | D:4      | Killed an ice beast
  2070 | D:4      | Reached XP level 6. HP: 50/50 MP: 6/6
  2081 | D:4      | Noticed a human
  2131 | D:4      | Reached skill level 5 in Fighting
  2131 | D:4      | Reached skill level 5 in Long Blades
  2139 | D:4      | Noticed Robin
  2141 | D:4      | Noticed Natasha
  2158 | D:4      | Killed Natasha
  2323 | D:4      | Killed Robin
  2332 | D:4      | Noticed Purgy
  2379 | D:3      | Killed Purgy
  2658 | D:4      | Reached XP level 7. HP: 56/56 MP: 7/7
  2666 | D:4      | Noticed Eustachio
  2805 | D:4      | Found a sacrificial altar of Ru.
  2827 | D:4      | Noticed Natasha
  2917 | D:3      | Killed Natasha
  3034 | D:4      | Found a runed translucent door.
  3042 | D:4      | Found a basalt altar of Yredelemnul.
  3113 | D:4      | Found a hide-covered altar of Uskayaw.
  3269 | D:4      | Killed Eustachio
  3458 | D:5      | Entered Level 5 of the Dungeon
  3488 | D:5      | Gained mutation: When hurt, damage is shared between your
                  | health and your magic reserves. [demonic ancestry]
  3488 | D:5      | Reached XP level 8. HP: 61/65 MP: 8/8
  3543 | D:5      | Found a sand-covered staircase.
  3552 | Ossuary  | Entered an ossuary
  3868 | D:5      | Found a staircase to the Ecumenical Temple.
  3889 | Temple   | Entered the Ecumenical Temple
  3967 | Temple   | Became a worshipper of Warmaster Okawaru
  4194 | D:5      | Noticed Menkaure
  4202 | D:5      | Killed Menkaure
  4327 | D:5      | Reached * piety under Okawaru
  4327 | D:5      | Reached XP level 9. HP: 19/75 MP: 2/9
  4858 | D:6      | Reached skill level 1 in Invocations
  4862 | D:6      | Noticed Edmund
  5207 | D:6      | Reached skill level 1 in Armour
  5262 | D:6      | Noticed Sigmund
  5273 | D:6      | Killed Sigmund
  5557 | D:6      | Killed Edmund
  5668 | D:7      | Reached ** piety under Okawaru
  5744 | D:7      | Found a radiant altar of Vehumet.
  6283 | D:8      | Gained mutation: You are mostly covered in thin metallic
                  | scales. (AC +3) [demonic ancestry]
  6283 | D:8      | Reached XP level 10. HP: 78/83 MP: 11/13
  6334 | D:8      | Found a shadowy altar of Dithmenos.
  6452 | D:8      | Noticed Jessica
  6458 | D:8      | Killed Jessica
  6463 | D:8      | Found a shimmering blue altar of Sif Muna.
  6564 | D:8      | Found a hazy altar of Hepliaklqana.
  6565 | D:8      | Found an opulent altar of Gozag.
  6567 | D:8      | Found a blossoming altar of Fedhas.
  6568 | D:8      | Found a burning altar of Makhleb.
  6569 | D:8      | Found a glowing silver altar of Zin.
  6784 | D:8      | Reached *** piety under Okawaru
  6817 | D:9      | Got a brightly glowing falchion
  6818 | D:9      | Identified the +2 falchion "Menu" {vamp, +Blink rC+ Int+2}
                  | (You found it on level 9 of the Dungeon)
  7098 | D:9      | Found a staircase to the Lair.
  7177 | D:9      | Found a sparkling altar of Nemelex Xobeh.
  7611 | D:9      | Reached skill level 5 in Invocations
  8023 | D:10     | Entered Level 10 of the Dungeon
  8062 | D:10     | Reached **** piety under Okawaru
  8062 | D:10     | Reached skill level 5 in Dodging
  8085 | D:10     | Found a staircase to the Orcish Mines.
  8119 | D:9      | HP: 3/85 [orc warrior/+4 hand axe of holy wrath (13)]
  8121 | D:9      | Slain by an orc warrior

Levels and vault maps discovered:
D:1:      evilmike_arrival_plus, layout_basic, minmay_box_of_dots
D:2:      layout_basic
D:3:      layout_rooms, first_ration
D:4:      layout_cave_pools, overflow_temple_1_default,
          eat_drink_and_be_merry_uskayaw, portal_sewer_entry_d,
          minmay_misc_feat_secret_circle, dk_yredelemnul_ordeal, uniq_robin,
          uniq_purgy, uniq_eustachio, uniq_natasha
D:5:      layout_cave_pods, minmay_temple_entry_grid,
          nicolae_ossuary_entry_monument, serial_undead, serial_undead_d,
          serial_undead_a, serial_undead_d, serial_undead_f, uniq_menkaure
D:6:      layout_basic, uniq_sigmund, uniq_edmund
D:7:      layout_cave_pools, old_standard_altar
D:8:      layout_cave_pools, grunt_dithmenos_smoke_and_mirrors, tgw_sif,
          minitemple
D:9:      layout_layer_cave, nemelex_xobeh_ov_fountains_minmay,
          lair_entry_dummy, grunt_livestock
D:10:     layout_small_grid, david_orc_2, basic_altar, serial_shops, shop
Temple:   eino_temple_lava

Skill      XL: |  1  2  3  4  5  6  7  8  9 10 |
---------------+-------------------------------+-----
Long Blades    | 3 4 5 6 8 9 |  9.3
Fighting       | 3 4 5 6 8 9 |  9.9
Invocations    | 4 5 |  5.7
Dodging        | 4 5 |  5.0
Armour         | 3 |  3.9
Throwing       | |  1.7

Action                   |  1- 3 |  4- 6 |  7- 9 | 10-12 || total
-------------------------+-------+-------+-------+-------++-------
Melee: Long sword        |    79 |   162 |   576 |    36 ||   853
       Kick              |    17 |    49 |   242 |    68 ||   376
       Falchion          |       |       |       |   136 ||   136
Throw: Dart              |       |     5 |    17 |       ||    22
  Use: Scroll            |     3 |     8 |     9 |     2 ||    22
       Potion            |       |     2 |     1 |     2 ||     5
  Eat: Chunk             |       |     6 |    10 |     2 ||    18
       Ration            |       |       |     1 |     1 ||     2
Armor: Leather armour    |    26 |    41 |       |       ||    67
       Scale mail        |       |    52 |       |       ||    52
       Troll leather arm |       |       |   237 |    59 ||   296
Dodge: Dodged            |    67 |   137 |   432 |   133 ||   769
       Rpst.: Long sword |    18 |    45 |   118 |     7 ||   188
       Falchion          |       |       |       |    41 ||    41

Table legend:
 A = Non-vault XP
 B = Vault XP
 C = Vault XP percentage of total XP
 D = Non-vault monster count
 E = Vault monster count
 F = Vault count percentage of total count
                 A         B        C        D         E       F
            +---------+---------+-------+---------+---------+-------
      Total |    5091 |    3028 |  37.3 |     186 |      76 |  29.0
            +---------+---------+-------+---------+---------+-------
        D:1 |      44 |       9 |  17.0 |      25 |       4 |  13.8
        D:2 |      74 |       0 |   0.0 |      13 |       0 |   0.0
        D:3 |     363 |     138 |  27.5 |      42 |       1 |   2.3
        D:4 |     384 |     301 |  43.9 |      17 |      15 |  46.9
        D:5 |     666 |     491 |  42.4 |      21 |      14 |  40.0
        D:6 |     589 |     389 |  39.8 |      21 |       2 |   8.7
        D:7 |     555 |       0 |   0.0 |      12 |       0 |   0.0
        D:8 |    1590 |      37 |   2.3 |      15 |       1 |   6.2
        D:9 |     575 |     995 |  63.4 |      16 |       6 |  27.3
       D:10 |     251 |       3 |   1.2 |       4 |       1 |  20.0
    Ossuary |       0 |     665 | 100.0 |       0 |      32 | 100.0
            +---------+---------+-------+---------+---------+-------
